[Event "15th Arad Open 2022"]
[Site "Arad"]
[Date "2022.08.11"]
[Round "5.18"]
[White "Ambru, Dan-Calin"]
[Black "Kiraly, Lilla Virag"]
[Result "1-0"]
[ECO "E49"]
[WhiteElo "2001"]
[BlackElo "1787"]
[Annotator "TA"]
[PlyCount "89"]
[EventDate "2022.08.08"]
[EventType "swiss"]
[EventCountry "ROU"]
[SourceTitle "playchess.com"]
[Source "ChessBase"]
[SourceQuality "1"]
[TimeControl "5400+30"]

1. d4 Nf6 2. c4 e6 3. Nc3 Bb4 4. e3 O-O 5. Bd3 d5 6. Nge2 c5 7. a3 Bxc3+ 8. bxc3 Nc6 9. O-O (9. dxc5 dxc4 10. Bc2 Qxd1+ 11. Bxd1 Ne4 $17) 9... b6 {[%emt 0:05:28] E49: Nimzo-Indian: Rubinstein: 5 Bd3 d5 6 a3 Bxc3+ 7 bxc3.} 10. Bb2 Na5 11. cxd5 exd5 {[%emt 0:05:16] [#] The position is equal.} 12. dxc5 $146 ({Predecessor:} 12. Ng3 Bd7 13. Re1 cxd4 14. cxd4 Rc8 15. f3 Nc4 16. Bc1 Re8 17. e4 dxe4 18. fxe4 {0-1 (26) Ouellet,M (2079)-Metpally,J (2140) Chess.com INT 2019}) 12... bxc5 13. a4 Re8 14. Bb5 Bd7 ({Black should play} 14... Re7 $11) 15. c4 $14 Bxb5 (15... d4 $1 $11 {keeps the balance.}) 16. Bxf6 $16 Qxf6 17. axb5 {[%emt 0:00:43][%mdl 64] [#] Discovered Attack} Qb6 18. cxd5 ({Don't do} 18. Qxd5 $6 Rad8 19. Qf5 Nxc4 $11) 18... Qxb5 19. Qc2 {[%emt 0:01:10] And now Rfb1 would win.} Rad8 (19... Nb3 $16 {keeps fighting.}) 20. Nc3 Qb3 21. Qxb3 Nxb3 22. Rxa7 Nd2 23. Rd1 Ne4 24. Nxe4 Rxe4 $18 {[%emt 0:00:38][%mdl 4096] Endgame KRR-KRR} 25. Rc7 Rc4 26. f3 Rc2 27. d6 (27. h4 $18) 27... Kf8 $2 (27... c4 $16 28. e4 f6) 28. e4 c4 29. e5 c3 $2 (29... g5 30. Rb1 Kg8) 30. Ra1 {[%emt 0:00:55] [#] Black must now prevent Raa7.} Re2 31. f4 {[%emt 0:00:55] Hoping for Raa7.} c2 (31... g5 $142 32. Raa7 (32. Rxc3 gxf4 33. Rd1 Rxe5 $16) (32. fxg5 Rxe5 33. Rd1 Rxg5 $16) 32... gxf4 33. Rxf7+ Kg8 34. Rg7+ (34. Rxh7 Rxe5 35. Rag7+ Kf8 $16) (34. Rxf4 c2 $16) 34... Kh8 35. Rxh7+ Kg8 36. Rag7+ Kf8) 32. Rc1 f6 33. R1xc2 Re4 34. R7c4 (34. Rc8 $142 Rxc8 35. Rxc8+ Kf7 36. d7) 34... Rxc4 35. Rxc4 {[%emt 0:00:06] KR-KR} Kf7 36. Rc7+ Ke6 37. Re7+ Kf5 38. d7 fxe5 39. fxe5 {[%emt 0:00:06] White mates.} Kg6 40. e6 Ra8 41. Re8 Ra1+ 42. Kf2 Ra2+ 43. Ke3 Ra3+ 44. Kd2 Ra2+ 45. Kc3 {[%emt 0:00:00] Weighted Error Value: White=0.12 (very precise) /Black=0.75} 1-0

[Event "15th Arad Open 2022"]
[Site "Arad"]
[Date "2022.08.11"]
[Round "5.19"]
[White "Sida, Flavia-Maria"]
[Black "Ungureanu, Sandu"]
[Result "0-1"]
[ECO "D02"]
[WhiteElo "1392"]
[BlackElo "2011"]
[Annotator "TA"]
[PlyCount "59"]
[EventDate "2022.08.08"]
[EventType "swiss"]
[EventCountry "ROU"]
[SourceTitle "playchess.com"]
[Source "ChessBase"]
[SourceQuality "1"]
[TimeControl "5400+30"]

1. d4 d5 2. Nf3 Nf6 3. g3 Bf5 4. Bg2 c6 5. O-O Nbd7 6. c4 {[%emt 0:01:14] D02: 1 d4 d5 2 Nf3 sidelines, including 2...Nf6 3 g3 and 2...Nf6 3 Bf4.} (6. Nh4 $5 Be4 7. f3 $11) 6... Bxb1 (6... e6 $11) 7. Rxb1 $14 dxc4 {[%emt 0:00:05] [#]} 8. Re1 $146 ({Better is} 8. b3 $16) ({Predecessor:} 8. Qc2 g6 9. Qxc4 Bg7 10. h3 O-O 11. Be3 Nd5 12. Bd2 N5b6 13. Qc1 e5 14. Bh6 {1-0 (28) Galindo,J (2077)-Kurbanov,D (1971) Dubai 2019}) 8... e6 $11 9. a3 {[%emt 0:00:56][%mdl 1024] White has compensation.} b5 10. Bf4 Nd5 11. Qd2 Be7 12. e4 (12. Be5 $15) 12... Nxf4 $17 13. Qxf4 O-O 14. Rec1 Qb8 15. Qxb8 Raxb8 16. b4 (16. Rc2 $17) 16... a5 (16... Nb6 $19 17. Rd1 Rfc8) 17. Rc3 {[%emt 0:13:45] White does not recover from this.} (17. bxa5 $17 Bxa3 18. Rc2) 17... axb4 18. axb4 Ra8 19. Re3 Nb6 {[%emt 0:03:01] Prevents d5.} ({Don't go for} 19... Ra4 $2 20. d5 $19) 20. Ne5 Rfc8 21. d5 (21. Re2 {was necessary.}) 21... cxd5 $19 22. exd5 exd5 23. Nxc4 bxc4 ({Stronger than} 23... Nxc4 24. Rxe7 Kf8 25. Rbe1 $11) 24. Rxe7 Kf8 25. Rb7 Rab8 26. Ra7 d4 27. Kf1 $2 (27. Re1 c3 28. Bf1) 27... d3 {[%emt 0:00:08] Strongly threatening ...c3.} 28. Bh3 $2 {[%emt 0:03:12] [#]} (28. Be4) 28... c3 $1 {[%emt 0:01:11] Threatens to win with ...c2.} 29. Bxc8 c2 ({Not} 29... Nxc8 30. Rd7 d2 31. Rc7 $16) 30. Raa1 {[%emt 0:03:51] Weighted Error Value: White=0.74/Black=0.24 (precise)} 0-1

[Event "15th Arad Open 2022"]
[Site "Arad"]
[Date "2022.08.11"]
[Round "5.20"]
[White "Samu, Sorin-Mihai"]
[Black "Matei-Catruna, Andrei"]
[Result "1-0"]
[ECO "E18"]
[WhiteElo "1952"]
[BlackElo "1338"]
[Annotator "TA"]
[PlyCount "73"]
[EventDate "2022.08.08"]
[EventType "swiss"]
[EventCountry "ROU"]
[SourceTitle "playchess.com"]
[Source "ChessBase"]
[SourceQuality "1"]
[TimeControl "5400+30"]

1. d4 Nf6 2. c4 e6 3. Nf3 d5 4. g3 Be7 5. Bg2 O-O 6. O-O b6 7. Nc3 Bb7 8. Ne5 {[%emt 0:00:28] 8.cxd5 is the hot move.} Nbd7 9. f4 {[%emt 0:00:27] E18: Queen's Indian: Old Main Line (4 g3 Bb7 5 Bg2 Be7 6 0-0 0-0 7 Nc3).} Bb4 {[%emt 0:03:39] [#]} (9... c5 $5 ) 10. e3 $146 ({Predecessor:} 10. Bd2 Bxc3 11. Bxc3 Ne4 12. Bxe4 dxe4 13. Nxd7 Qxd7 14. e3 Rad8 15. Qc2 f5 16. Rfd1 c6 {½-½ (45) Matuska,M (2056)-Szatmary,R (1975) Hungary 2016}) 10... Bxc3 11. bxc3 {[%emt 0:00:14] The position is equal.} c5 12. Ba3 Rc8 13. Qa4 a6 14. Rab1 Nxe5 (14... Ba8 $11) 15. fxe5 $16 Nd7 16. cxd5 {[%emt 0:01:41] White is more active.} Bxd5 17. Bxd5 ({But not} 17. Qxa6 $2 Bxg2 18. Kxg2 Ra8 $19) 17... exd5 18. Qb3 $1 ({Don't blunder} 18. Qxa6 $2 Ra8 19. Qb7 Rxa3 $19) 18... c4 $2 {[%emt 0:07:02][%mdl 8192] [#] This move loses the game for Black.} ({Black should play} 18... Qe7 $14) 19. Qd1 $18 Re8 20. Qf3 f6 (20... b5 $142 21. Qxf7+ Kh8 22. Qxd5 Nb6 23. Qxd8 Rcxd8) 21. Qxd5+ Kh8 22. e6 Nb8 23. Qxd8 Rcxd8 24. Rxb6 h6 25. e4 Rc8 26. d5 Kg8 27. Rfb1 {[%emt 0:00:00] [#] aiming for Bd6.} Kh7 28. Bd6 Kg6 29. Rxb8 Rxb8 30. Rxb8 {[%emt 0:00:00] White mates.} Rxb8 31. Bxb8 {[%emt 0:00:00] KB-KP} f5 32. exf5+ Kxf5 33. e7 Kf6 34. e8=Q g5 35. Qe6+ Kg7 36. Be5+ Kh7 37. Qf7# {[%emt 0:00:00] Weighted Error Value: White=0.06 (flawless) /Black=1.03} 1-0

[Event "15th Arad Open 2022"]
[Site "Arad"]
[Date "2022.08.11"]
[Round "6.1"]
[White "Sedlak, Nikola"]
[Black "Ramoutar, Alan-Safar"]
[Result "0-1"]
[ECO "B10"]
[WhiteElo "2480"]
[BlackElo "2453"]
[Annotator "TA"]
[PlyCount "74"]
[EventDate "2022.08.08"]
[EventType "swiss"]
[EventCountry "ROU"]
[SourceTitle "playchess.com"]
[Source "ChessBase"]
[SourceQuality "1"]
[TimeControl "5400+30"]

1. e4 c6 2. d3 d5 3. Nd2 e5 4. Ngf3 Bd6 5. Be2 Nf6 6. O-O O-O 7. b3 {[%emt 0:03:30] B10: Caro-Kann: 2 d3 and 2 c4.} Re8 8. Bb2 a5 9. a3 {[%emt 0:00:27] The position is equal.} Nbd7 10. c3 Nf8 11. Re1 {[%emt 0:00:34] [#]} Ng6 $146 ({Predecessor:} 11... Qc7 12. Bf1 Ng6 13. g3 b6 14. Qc2 Ba6 15. Bg2 Rad8 16. c4 dxe4 17. Nxe4 Nxe4 18. dxe4 Bc8 19. Bc3 Be6 20. Bf1 c5 21. Nd2 {½-½ (21) Schmaltz,R (2390)-Krizsany,L (2345) Lenk 1993}) 12. Bf1 Bd7 13. b4 Qc7 14. Qc2 b6 15. Nb3 h6 16. Rad1 Rad8 17. Bc1 Bg4 {[%emt 0:05:05] Hoping for ...Bxf3.} 18. Nbd2 Bc8 19. h3 Ba6 (19... Be6 $15) 20. c4 (20. bxa5 $11 bxa5 21. c4) 20... axb4 $15 21. cxd5 cxd5 (21... bxa3 {is more complex.} 22. dxc6 Ra8 23. Qb3 Nf4) 22. Qxc7 Bxc7 23. axb4 Nf4 24. d4 Bxf1 25. Nxf1 dxe4 {[%emt 0:06:21] Black is more active.} 26. Nxe5 N4d5 27. Bd2 Bxe5 28. dxe5 Rxe5 29. Bc3 Ree8 30. Bxf6 ({Better is} 30. Ba1 $15) 30... Nxf6 $17 ({But not} 30... gxf6 $6 31. Ng3 $11) 31. Ne3 b5 32. Nf5 Nd5 (32... Rd5 $15 33. Rxd5 Nxd5) 33. Rd4 $11 {[%emt 0:00:00] [#] And now Red1 would win.} Nc3 {[%emt 0:00:17] Prevents Red1. Threatening ...Rxd4.} 34. Re3 (34. Nd6 $1 $11) 34... Rxd4 $17 35. Nxd4 Rc8 (35... Rd8 $17 36. Nb3 Rc8) 36. g4 $2 (36. Nf5 $1 $11 {and White stays safe.} Rc7 37. Nd6) 36... Rc4 37. Nf5 Nd5 {[%emt 0:01:51] Weighted Error Value: White=0.28 (precise) /Black=0.16 (very precise)} 0-1

[Event "15th Arad Open 2022"]
[Site "Arad"]
[Date "2022.08.11"]
[Round "6.2"]
[White "Secheres, Adrian-Simion"]
[Black "Stanciu, Alexandru-Ovidiu"]
[Result "1/2-1/2"]
[ECO "D37"]
[WhiteElo "2360"]
[BlackElo "2326"]
[Annotator "TA"]
[PlyCount "39"]
[EventDate "2022.08.08"]
[EventType "swiss"]
[EventCountry "ROU"]
[SourceTitle "playchess.com"]
[Source "ChessBase"]
[SourceQuality "1"]
[TimeControl "5400+30"]

1. d4 Nf6 2. c4 e6 3. Nf3 d5 4. Nc3 Be7 5. Bf4 O-O 6. e3 b6 7. Rc1 c5 8. cxd5 Nxd5 9. Nxd5 {[%emt 0:03:28] D37: Queen's Gambit Declined: 5 Bf4.} exd5 10. dxc5 bxc5 11. Qd2 {[%emt 0:00:13] Against Qa5} Be6 12. Be2 Nc6 13. O-O {[%emt 0:00:42] [#]} h6 $146 ({Predecessor:} 13... Qb6 14. b3 a5 15. Ne5 Nxe5 16. Bxe5 a4 17. Rb1 axb3 18. axb3 Rfc8 19. Bd3 Bf8 {½-½ (123) Moskalenko,A (2514)-Tang,A (2512) Chess.com INT 2021}) 14. Rfd1 Qb6 15. Ne5 Bf6 16. Nxc6 Qxc6 17. Bf3 (17. b3 $11) 17... Rfd8 (17... Rad8 $15 {should be considered.}) 18. Qc2 Rac8 (18... g5 $5 19. Bg3 Rac8 $11) 19. e4 dxe4 20. Bxe4 {[%emt 0:01:02] Weighted Error Value: White=0.14 (very precise) /Black=0.12 (very precise)} 1/2-1/2

[Event "15th Arad Open 2022"]
[Site "Arad"]
[Date "2022.08.11"]
[Round "6.3"]
[White "Manolache, Marius"]
[Black "David, Alexandru-Vasile"]
[Result "1/2-1/2"]
[ECO "A06"]
[WhiteElo "2469"]
[BlackElo "2433"]
[Annotator "TA"]
[PlyCount "113"]
[EventDate "2022.08.08"]
[EventType "swiss"]
[EventCountry "ROU"]
[SourceTitle "playchess.com"]
[Source "ChessBase"]
[SourceQuality "1"]
[TimeControl "5400+30"]

1. Nf3 d5 2. b3 c5 3. e3 a6 4. Bb2 Nc6 5. Be2 Bg4 6. c4 {[%emt 0:02:21] A06: Réti Opening: 1 Nf3 d5.} dxc4 7. bxc4 e6 8. O-O {[%emt 0:00:11] The position is equal.} Nf6 9. h3 Bh5 {[%emt 0:01:16] [#]} 10. Bxf6 $146 ({Predecessor:} 10. Nc3 Be7 11. Ne1 Bxe2 12. Qxe2 O-O 13. Nc2 Rc8 14. Rfd1 Qb6 15. Rab1 Rfd8 16. Na4 {1-0 (30) Domingo Nunez,R (2382)-Devaev,A (2325) Chess.com INT 2022}) 10... Qxf6 11. Qb3 Rb8 (11... Qxa1 $2 12. Qxb7 Nd8 13. Qxa8 Qxa2 14. Nc3 $18) 12. Nc3 Bg6 13. d4 (13. Rfd1 $11) 13... cxd4 $15 14. exd4 Be7 (14... Nxd4 $15 15. Nxd4 Qxd4) 15. Rfd1 O-O 16. Rd2 Rfd8 17. Rad1 $1 Bb4 18. Ne5 Nxd4 19. Ng4 $14 Bxc3 20. Nxf6+ gxf6 21. Qxc3 Nxe2+ {[%emt 0:00:07][%mdl 64] Remove Defender} 22. Rxe2 Rxd1+ 23. Kh2 Kg7 24. Rd2 Rxd2 25. Qxd2 {[%emt 0:00:05][%mdl 4096] Endgame Black must now prevent Qd7. KQ-KRB} Rc8 26. Qd4 {[%emt 0:00:19][%mdl 1024] White has compensation.} e5 27. Qd5 b6 {[%emt 0:00:07] Inhibits c5.} 28. f3 Rc5 29. Qd6 Rxc4 30. Qxb6 Ra4 31. Qb3 Rd4 32. Qc3 Bd3 33. a4 a5 $2 (33... Be2 $11 {and Black is okay.}) 34. f4 $1 $18 ({And not} 34. Qxa5 Bc2 $11) 34... Rd5 {[%emt 0:00:18] [#]} 35. fxe5 fxe5 {[%emt 0:00:06] [#]} 36. h4 (36. g4 $1 $18) 36... h5 $1 $14 37. Qd2 {[%emt 0:01:34][%cal Og2g4] And now g4! would win.} Be4 (37... f6 $14) 38. Qg5+ (38. Qe3 $16 Bg6 39. Qa7) 38... Bg6 39. Qe7 Kh7 40. Qa7 e4 41. Kg1 Rf5 42. Qd4 Rf4 43. Qe5 (43. g3 $5 Rf3 44. Kg2 $14) 43... Rf5 ({Better is} 43... Rxh4 $11 44. Qxa5 e3) 44. Qc3 Kg8 45. Kh2 Kh7 46. Kg3 {[%emt 0:00:00] Prevents Rf4.} Kg8 47. Qd4 Kh7 48. Kh3 Rf4 49. Qe5 Rg4 50. Qxa5 e3 51. Qe1 Rxa4 ({Black should play} 51... Bf5 $11) 52. Qxe3 Ra5 53. Kh2 Rf5 54. Qd4 Kg8 55. Kg1 Kh7 56. Kh2 Kg8 $1 57. Kg1 {[%emt 0:00:04] Weighted Error Value: White=0.14 (very precise) /Black=0.18 (very precise)} (57. Qd8+ $14 Kg7 58. Qc7) 1/2-1/2

[Event "15th Arad Open 2022"]
[Site "Arad"]
[Date "2022.08.11"]
[Round "6.4"]
[White "Padurean, Daniel-Cristian"]
[Black "Srbis, Jurica"]
[Result "1/2-1/2"]
[ECO "B10"]
[WhiteElo "2126"]
[BlackElo "2472"]
[Annotator "TA"]
[PlyCount "91"]
[EventDate "2022.08.08"]
[EventType "swiss"]
[EventCountry "ROU"]
[SourceTitle "playchess.com"]
[Source "ChessBase"]
[SourceQuality "1"]
[TimeControl "5400+30"]

1. e4 c6 2. Nf3 d5 3. exd5 cxd5 4. Ne5 Nc6 5. d4 a6 6. c3 {[%emt 0:01:18] B10: Caro-Kann: 2 d3 and 2 c4.} Nxe5 7. dxe5 Bf5 8. Nd2 e6 {[%emt 0:03:44] [#]} 9. Nf3 $146 ({Predecessor:} 9. Nb3 Qc7 10. Bf4 Ne7 11. Nd4 Be4 12. f3 Bg6 13. Qa4+ Nc6 14. Bb5 Rc8 15. Bxc6+ bxc6 16. Qxa6 {0-1 (31) Nuri,K (2198)-Gaehler,M (2247) Graechen 2009}) 9... Qd7 10. Nd4 Bg6 11. h4 {[%emt 0:15:14] Threatens to win with h5.} h5 12. Bd3 Bxd3 13. Qxd3 Bc5 14. Bg5 (14. Nb3 $5 Rc8 15. Nxc5 Rxc5 16. Qg3 $11) 14... Ne7 15. Bxe7 Qxe7 16. O-O-O O-O-O 17. Kb1 Kb8 18. Rc1 Rd7 19. Qg3 g6 20. Qg5 Qf8 21. Qf4 Qd8 22. f3 Bf8 23. g4 (23. Rcd1 $11) 23... hxg4 $15 24. fxg4 Rxh4 25. Nf3 Bh6 26. Qd4 Bxc1 27. Rxh4 {[%emt 0:00:21] [#]} g5 $1 (27... Bg5 $6 28. Rh7 $11) 28. Rh5 Bf4 29. Ne1 Rc7 30. b3 {[%emt 0:00:00] [#] Inhibits Rc4.} Qf8 (30... f6 $1 $17 31. Nd3 (31. exf6 e5 $17) 31... fxe5 32. Nxe5 Qd6 33. Rh8+ Rc8 34. Rxc8+ Kxc8) 31. Kb2 {[%emt 0:00:00] The position is equal.} Qg7 32. Nd3 Bd2 33. Nc5 $1 Be1 34. Qe3 Ka8 35. Rxg5 Bxc3+ 36. Kxc3 Qf8 37. b4 b6 {[%emt 0:00:11][%mdl 64] Pin} 38. Qd3 bxc5 ({Much less strong is} 38... Qc8 39. Rg8 Qxg8 40. Qxa6+ Ra7 41. Qxb6 $14) 39. Qxa6+ $11 {[%emt 0:00:00][%mdl 4096] Endgame KQR-KQR} Kb8 40. b5 c4 41. Qb6+ Kc8 $1 {[%emt 0:00:00][%cal Od5d4] White must now prevent ...d4+!} ({But not} 41... Rb7 42. Qd6+ Qxd6 43. exd6 $14) 42. Rg8 d4+ (42... Qxg8 $5 43. Qa6+ Kd8 44. Qd6+ Kc8 45. Qa6+ Kd8 46. Qd6+ Kc8 47. Qa6+ $11) 43. Kb2 c3+ (43... Qxg8 $5 44. Qa6+ Kd8 45. Qd6+ Kc8 46. Qa6+ Kd8 47. Qd6+ Kc8 48. Qa6+ $11) 44. Kb3 {[%emt 0:00:00] Chess con chili.} Qxg8 45. Qa6+ Kb8 {[%emt 0:04:02] ( -> ...Qc8)} 46. Qb6+ {[%emt 0:00:00] Weighted Error Value: White=0.06 (flawless) /Black=0.07 (flawless)} 1/2-1/2

[Event "15th Arad Open 2022"]
[Site "Arad"]
[Date "2022.08.11"]
[Round "6.5"]
[White "Magold, Filip"]
[Black "Ardeleanu, Alin"]
[Result "1/2-1/2"]
[ECO "B90"]
[WhiteElo "2247"]
[BlackElo "2290"]
[Annotator "TA"]
[PlyCount "166"]
[EventDate "2022.08.08"]
[EventType "swiss"]
[EventCountry "ROU"]
[SourceTitle "playchess.com"]
[Source "ChessBase"]
[SourceQuality "1"]
[TimeControl "5400+30"]

1. e4 c5 2. Nf3 d6 3. d4 cxd4 4. Nxd4 Nf6 5. Nc3 a6 6. Be3 e5 7. Nb3 Be6 8. f3 Be7 9. Qd2 O-O 10. O-O-O Nbd7 11. g4 Qc7 12. g5 Nh5 13. Nd5 {[%emt 0:02:31] B90: Sicilian Najdorf: Unusual White 6th moves, 6 Be3 Ng4 and 6 Be3 e5.} Bxd5 14. exd5 Nb6 15. Qb4 {[%emt 0:08:09] [#]} Rfc8 $146 ({Predecessor:} 15... Rac8 16. c3 Nc4 17. Bxc4 Qxc4 18. Qxb7 Rfe8 19. Kb1 Rb8 20. Qc6 Qxc6 21. dxc6 Rec8 {1-0 (44) Pichot,A (2630)-Womacka,M (2435) Chess.com INT 2020}) 16. c3 {[%emt 0:01:12] Active counter play!} Nc4 17. Bxc4 Qxc4 18. Qxb7 Bf8 19. Na5 Qxa2 (19... Qa4 $5 20. Nc6 Qxa2 $11) 20. Nc6 {[%emt 0:00:30] Against Rcb8} a5 21. Qb5 {[%emt 0:19:55] Against Qc4} a4 22. Kc2 {[%emt 0:01:24][%cal Bc1c2,Bc2b2,Bb2b3,Bb3b4][%mdl 32] Black must now prevent Ra1.} a3 23. Ra1 Qxb2+ 24. Qxb2 axb2 25. Kxb2 g6 26. Rhe1 Re8 27. Kb3 h6 28. Kb4 (28. gxh6 {looks sharper.} Kh7 29. c4 Nf6 30. Rxa8 Rxa8 31. Kb4) 28... Rxa1 (28... hxg5 {feels hotter.} 29. Bxg5 f6 30. Bd2 Ng7) 29. Rxa1 e4 30. Rf1 ({But not} 30. gxh6 exf3 31. Bd4 g5 $17) 30... Ng7 31. Nd4 (31. gxh6 $11 Nf5 32. Bf4) 31... exf3 $1 $15 32. Rxf3 hxg5 33. Bxg5 {[%emt 0:00:01] [#]} Re5 $1 34. h4 Rxd5 35. Kc4 Rc5+ 36. Kd3 Re5 37. Rf1 Ne6 38. Nxe6 Rxe6 {[%emt 0:00:52][%mdl 4096] Endgame KRB-KRB} 39. Ra1 Be7 40. Bxe7 Rxe7 {[%emt 0:00:00] KR-KR} 41. Kd4 Kg7 (41... Re2 $15) 42. c4 $11 Re2 43. Ra6 Rd2+ 44. Kc3 Rd1 45. Kc2 $1 Rd4 46. Kc3 Rxh4 {[%emt 0:00:00] Hoping for ...g5.} 47. Rxd6 Rh1 48. c5 Rc1+ 49. Kd4 $1 f5 50. Ra6 $2 (50. c6 $11 {and White stays safe.}) 50... Kh6 (50... g5 $19 {Threatens to win with ...Kf7.} 51. c6 f4) 51. Ra4 $2 (51. Rd6 $17) 51... Kg5 $19 {[%emt 0:00:39] ...f4 is the strong threat.} 52. Rc4 Rxc4+ 53. Kxc4 {[%emt 0:00:01] [#] White wants to mate with c6. KPP-KP} Kf6 $1 (53... f4 54. c6 f3 55. Kd3 Kf6 56. c7 (56. Ke3 f2 $11) 56... f2 57. Ke2 Ke7 58. c8=Q) 54. Kb5 f4 55. c6 {[%emt 0:00:07] Threatening mate with c7.} f3 56. c7 f2 57. c8=Q f1=Q+ {[%emt 0:00:01] KQ-KQ} 58. Kb6 {[%emt 0:03:59] Qf8+ would kill now.} Qb1+ 59. Ka7 Qa2+ 60. Kb8 Qb3+ 61. Ka8 Qd5+ 62. Kb8 g5 63. Qf8+ Kg6 64. Qe8+ Kf5 65. Qh5 Kf4 66. Qh2+ Ke3 67. Qg1+ Ke2 68. Qg4+ Kf2 69. Qh5 Qb3+ 70. Ka7 Qa3+ 71. Kb8 Qg3+ 72. Ka7 g4 73. Qf5+ Qf3 74. Qc2+ Kg1 {[%emt 0:00:42] ( -> ...Qf2+)} 75. Qc1+ Qf1 76. Qg5 Qf2+ 77. Ka8 g3 78. Qc1+ Kg2 79. Qb1 Qf8+ 80. Ka7 Qf7+ 81. Ka8 Kh2 82. Qc2+ g2 83. Qc7+ $1 Qxc7 {[%emt 0:00:21] Weighted Error Value: White=0.17 (very precise) /Black=0.08 (flawless)} 1/2-1/2

[Event "15th Arad Open 2022"]
[Site "Arad"]
[Date "2022.08.11"]
[Round "6.6"]
[White "Anghel, Iulian-Mihai"]
[Black "Ionescu, Mihai"]
[Result "1/2-1/2"]
[ECO "B12"]
[WhiteElo "2015"]
[BlackElo "2250"]
[Annotator "TA"]
[PlyCount "152"]
[EventDate "2022.08.08"]
[EventType "swiss"]
[EventCountry "ROU"]
[SourceTitle "playchess.com"]
[Source "ChessBase"]
[SourceQuality "1"]
[TimeControl "5400+30"]

1. e4 c6 2. d4 d5 3. e5 Bf5 4. Nf3 e6 5. Be2 Nd7 6. Nbd2 Ne7 7. O-O Bg6 {[%emt 0:01:28] B12: Caro-Kann: Advance Variation.} 8. c4 Nf5 9. Qb3 Rb8 {[%emt 0:03:19] [#]} 10. Rd1 $146 ({Predecessor:} 10. cxd5 cxd5 11. Qa4 a6 12. b4 Be7 13. b5 O-O 14. bxa6 Ra8 15. Ba3 Bxa3 16. Qxa3 bxa6 {1-0 (25) Handke,F (2460)-Levin,F (2501) Barcelona 2005}) 10... Be7 11. cxd5 cxd5 12. Nf1 O-O 13. Bf4 b5 14. Rac1 Nb6 15. Qxb5 (15. g4 $11 {remains equal.} Nh4 16. Nxh4 (16. Qxb5 $2 Nc4 $19) 16... Bxh4 17. Qh3) 15... Nc4 $1 $17 16. Qa6 Nxb2 17. Rd2 Qd7 18. Rc6 {[%emt 0:12:25] Prevents Rb6.} (18. Rdc2 $15) 18... Nc4 (18... Rb4 $17) 19. Bxc4 $11 dxc4 20. Qxc4 Rfc8 {[%emt 0:04:11] Prevents Rc7.} (20... Bh5 $15) 21. d5 exd5 22. Rxc8+ Rxc8 23. Qxd5 Qxd5 24. Rxd5 Bc5 25. h3 h6 26. g4 Ne7 27. Rd1 Be4 28. N3d2 Bc2 29. Re1 Bb4 (29... Nd5 $5 30. Be3 Bb4 $11) 30. a3 Bxa3 31. Ra1 Rc3 $36 {[%emt 0:03:28][%mdl 2048] Black has some pressure.} 32. Ne3 Bd3 33. Kg2 (33. Nd1 $11 Rc1 34. Rxa3 Rxd1+ 35. Kh2) 33... Bc5 $17 {[%emt 0:03:10] A strong pair of Bishops.} 34. Kf3 (34. Nd1 $15 Ra3 35. Rxa3 Bxa3 36. Nc3) 34... Bb5 35. Kg2 (35. h4 $17 {was called for.}) 35... Bc6+ $19 36. Kh2 g5 37. Bg3 Bxe3 38. fxe3 Rxe3 {[%emt 0:00:36] White must now prevent ...Re2+.} 39. Re1 {[%emt 0:00:53] Against Re2+} Rxe1 40. Bxe1 {[%emt 0:00:00][%mdl 4096] Endgame KBN-KBN} Ng6 41. Nc4 Bd5 42. Ne3 Be4 43. Bc3 Kf8 44. Nf5 $2 (44. Kg3 $17 {is more resistant.}) 44... Bxf5 45. gxf5 {[%emt 0:00:00] KB-KN} Nh4 46. f6 (46. Kg3 $142 Nxf5+ 47. Kg4 Ne3+ 48. Kh5) 46... Ng6 47. Kg3 h5 48. Bd2 $2 (48. Kf3) 48... Nxe5 49. Bxg5 Ng6 $2 (49... Nc4 50. Kh4 a5 51. Kxh5 a4) 50. Kf3 $2 (50. Bd2) 50... Ke8 $2 (50... a5 51. Ke4 Ke8) 51. Ke4 $2 (51. Bd2 Kd7 52. Bc3) 51... Kd7 $2 (51... a5 52. Be3 a4) 52. Kf5 $2 (52. Bd2) 52... a5 53. Bc1 h4 {[%emt 0:01:20] Threatens to win with ...Kd6.} 54. Kg5 Ke6 55. Bb2 a4 56. Kg4 Ne5+ 57. Kg5 Nd7 $2 (57... Nc4 $19 58. Ba1 a3) 58. Kxh4 $15 Kf5 59. Kg3 Nxf6 (59... Ne5 $1 $15 60. Bc3 Nd7) 60. Kf3 $11 Nd5 61. h4 Nb6 62. Ke2 Kg4 {[%emt 0:00:23] And now ...f5 would win.} 63. Kd3 f5 64. Kc2 $2 {[%emt 0:00:33][%mdl 8192] [#]} (64. Bd4 $11) 64... Nc4 $2 (64... f4 $1 $19 {is more deadly.} 65. Bd4 Nd5) 65. Bd4 $17 Nd6 ({Much weaker is} 65... Kxh4 $6 66. Kc3 $11) 66. Bf2 f4 67. Kb2 {[%emt 0:00:23] [#]} Ne4 ({Black should play} 67... Nc4+ $1 $17 68. Kc3 Ne3) 68. Be1 (68. Bd4 $11 {keeps the balance.}) 68... f3 {[%emt 0:00:29] ...Nc5 is the strong threat.} 69. Ka3 (69. Ka2 $17 {was necessary.}) 69... Nc5 $2 ({Black should try} 69... Kh5 $19 70. Ka2 Kh6) 70. Bf2 $11 {[%emt 0:00:14] The position is equal.} Nd3 71. Bd4 Kxh4 72. Kxa4 Kg3 73. Kb3 Kf4 74. Kc2 Ke4 75. Ba7 f2 76. Bxf2 $1 Ke5 {[%emt 0:10:36] And White is the lucky defender.  Weighted Error Value: White=1.13/Black=0.60} 1/2-1/2

[Event "15th Arad Open 2022"]
[Site "Arad"]
[Date "2022.08.11"]
[Round "6.8"]
[White "Tampea, Radu"]
[Black "Veneteanu, Mihai"]
[Result "1-0"]
[ECO "D00"]
[WhiteElo "2093"]
[BlackElo "2025"]
[Annotator "NA RC"]
[PlyCount "73"]
[EventDate "2022.08.08"]
[EventType "swiss"]
[EventCountry "ROU"]
[SourceTitle "playchess.com"]
[Source "ChessBase"]
[SourceQuality "1"]
[TimeControl "5400+30"]

1. d4 Nf6 2. Bf4 d5 3. e3 g6 4. Nc3 Bg7 5. h4 h5 6. Nf3 O-O 7. Qd2 c5 8. Ne5 Nc6 9. O-O-O Bf5 10. Bb5 (10. dxc5 $11 {keeps the balance.} Qa5 11. Kb1 (11. Nxd5 $2 Qxa2 12. Nxf6+ exf6 $19)) 10... Rc8 (10... cxd4 $17 11. exd4 Nb4) 11. Bxc6 bxc6 12. Na4 $2 (12. f3 $1 $15) 12... Ne4 13. Qe1 $17 f6 14. Nd3 c4 15. Ndc5 e5 16. Bh2 exd4 17. Nxe4 Bxe4 18. exd4 Bh6+ 19. Kb1 Bxg2 20. Rg1 Re8 21. Qc3 Be4 22. Nc5 Bf5 23. Qf3 Kh7 24. Nb7 Qb6 25. Nd6 Bxc2+ 26. Kxc2 Rb8 27. Nxc4 dxc4 28. Bxb8 Rxb8 29. Qc3 Qa6 30. Kb1 f5 31. Rxg6 Re8 32. Rgg1 Re2 33. Qf3 c3 34. Qxf5+ Kh8 35. Qf6+ Kh7 36. Qg6+ Kh8 37. Qg8# 1-0